 Dungeon Crawl Stone Soup version 0.27-a0-1456-gf5a116941d (webtiles) character file.

Game seed: 8382258716007253168

368 Kinoniko the Spear-Bearer (level 6, -3/47 HPs)
             Began as a Merfolk Berserker on July 6, 2021.
             Was a Priest of Trog.
             Slain by an orc warrior (18 damage)
             ... on level 7 of the Dungeon.
             The game lasted 00:03:25 (3324 turns).

Kinoniko the Spear-Bearer (Merfolk Berserker)       Turns: 3324, Time: 00:03:26

Health: -3/47      AC:  8    Str: 24    XL:     6   Next: 69%
Magic:  0/6        EV: 10    Int: 12    God:    Trog [***...]
Gold:   76         SH:  0    Dex: 15    Spells: 5/5 levels left

rFire    . . .     SeeInvis .   i - +1 trident (vorpal)
rCold    . . .     Faith    .   (no shield)
rNeg     . . .     Spirit   +   f - +0 chain mail
rPois    .         Reflect  .   (no helmet)
rElec    .         Harm     .   (no cloak)
rCorr    .         Rampage  .   (no gloves)
Will     .....                  (no boots)
Stlth    ..........             e - amulet of guardian spirit
HPRegen  0.15/turn              j - +6 ring of intelligence
MPRegen  0.10/turn              k - +6 ring of strength

@: confused, on berserk cooldown, slowed, very slow
A: (nimble swimmer 2), mertail
a: Renounce Religion, Berserk, Trog's Hand


You were on level 7 of the Dungeon.
You worshipped Trog.
Trog was most pleased with you.
You visited 1 branch of the dungeon, and saw 5 of its levels.

You collected 76 gold pieces.

Inventory:

Hand Weapons
 a - a +0 spear
 i - a +1 vorpal trident (weapon)
Armour
 b - a +0 animal skin
 f - a +0 chain mail (worn)
Jewellery
 e - an amulet of guardian spirit (around neck)
 j - a +6 ring of intelligence (left hand)
 k - a +6 ring of strength (right hand)
 m - a ring of magical power
Wands
 n - a wand of iceblast (13)
Scrolls
 c - a scroll of blinking
 d - 4 scrolls of teleportation
 h - a scroll of summoning {unknown}
Potions
 g - a potion of curing {unknown}
 l - a potion of brilliance {unknown}


   Skills:
 - Level 3.2 Fighting
 * Level 9.0 Polearms
 - Level 1.3 Armour
 + Level 5.6 Dodging


You had 5 spell levels left.
You didn't know any spells.
Your spell library contained the following spells:

 Spells                   Type           Power      Damage    Failure   Level
 Fulminant Prism          Conj/Hex       0%         3d6       100%        4
 Iskenderun's Mystic Bla  Conj/Tloc      0%         2d3       100%        4
 Lee's Rapid Deconstruct  Erth           0%         3d5*      100%        5


Dungeon Overview and Level Annotations

Branches:
Dungeon (4/15)
 Temple: D:4-7

Altars:

Shops:
D:2 (   D:3 =


Innate Abilities, Weirdness & Mutations

((You are quick and stealthy near water. (Stealth+, EV+, Speed+++)))
Your lower body shifts to a powerful aquatic tail in water.


Message History

You hit the orc warrior but do no damage.
You reach to attack!
You puncture the orc warrior!
The orc warrior is severely wounded.
An orc wizard comes into view. It is wielding a +0 dagger.
The orc wizard shouts!
You puncture the orc warrior!
The orc warrior is almost dead.
The orc wizard casts a spell at you.
You are confused.
The orc warrior hits you with a +0 battleaxe!
You are too confused!
You are too confused!
You are too confused!
You are too confused!
You are too confused!
You are too confused!
Unknown command.
Unknown command.
You are too confused!
You feel a strong urge to attack something.
The orc warrior hits you with a +0 battleaxe!
Unknown command.
You bump into the rock wall.
You feel your anger nearly subside.
You are no longer berserk.
You are exhausted.
You feel yourself slow down.
Unknown command.
Your chain mail prevents you from hitting the orc warrior.
The orc warrior is almost dead.
The orc warrior hits you with a +0 battleaxe! x2
The orc wizard casts a spell.
The orc wizard flickers and vanishes!
Deactivating autopickup; reactivate with Ctrl-A.
You're too confused to move!
The orc wizard gestures at you while chanting.
You are more confused.
The orc warrior closely misses you.
Unknown command.
The orc warrior hits you with a +0 battleaxe!!
You die...

#.# #.#
.#######.##
..........###
.#####......##
#.#..#..#
#.#####..#..#.#
#......o..#...#
######@o#..#..#
#..)#).#.#
#..!.#...#
#..#..#..#
##..#..#.#
#...#...#
#.#..#..#
#..#..#..


You could see an orc warrior and an orc wizard.

Vanquished Creatures
  A water moccasin zombie (D:7)
  A water moccasin skeleton (D:7)
  A bullfrog skeleton (D:4)
  Jessica (D:2)
  Natasha (thrice) (D:3)
  Terence (D:2)
  3 adders
  A worm (D:2)
  2 dart slugs (D:1)
  7 orcs
  4 bats
  6 endoplasms
  A giant cockroach (D:1)
  5 hobgoblins
  12 jackals
  2 quokkas
  10 ball pythons
  3 frilled lizards
  2 goblins (D:1)
  8 kobolds
  5 rats
79 creatures vanquished.

Notes
Turn   | Place    | Note
-------+----------+-------------------------------------------
     0 | D:1      | Kinoniko the Merfolk Berserker began the quest for the Orb.
     0 | D:1      | Reached XP level 1. HP: 18/18 MP: 1/1
   102 | D:1      | Reached XP level 2. HP: 11/24 MP: 2/2
   105 | D:1      | Reached skill level 5 in Polearms
   461 | D:1      | Found a faded altar of an unknown god.
   512 | D:1      | Reached XP level 3. HP: 24/29 MP: 3/3
   662 | D:1      | Reached ** piety under Trog
  1047 | D:1      | Reached skill level 6 in Polearms
  1863 | D:2      | Reached XP level 4. HP: 35/35 MP: 4/4
  1893 | D:2      | Noticed Jessica
  1898 | D:2      | Killed Jessica
  1975 | D:2      | Found Balupix's Weapon Shop.
  1987 | D:2      | Noticed Terence
  1996 | D:2      | Killed Terence
  2375 | D:3      | Reached skill level 7 in Polearms
  2385 | D:3      | Reached XP level 5. HP: 35/41 MP: 5/5
  2542 | D:3      | Noticed Natasha
  2557 | D:3      | Killed Natasha
  2558 | D:3      | Reached *** piety under Trog
  2816 | D:3      | Found Zaytucuo's Jewellery Shop.
  2911 | D:3      | Noticed Natasha
  2918 | D:3      | Killed Natasha
  2927 | D:3      | Noticed Natasha
  2930 | D:3      | Killed Natasha
  3103 | D:4      | Reached skill level 8 in Polearms
  3103 | D:4      | Reached skill level 5 in Dodging
  3103 | D:4      | Reached XP level 6. HP: 40/47 MP: 6/6
  3256 | D:4      | You fall into a shaft and drop 3 floors!
  3294 | D:7      | Reached skill level 9 in Polearms
  3310 | D:7      | Noticed an orc warrior
  3324 | D:7      | Slain by an orc warrior

Illustrated notes

Levels and vault maps discovered:
D:1:      dpeg_arrival_tiny_a, layout_loops_cross,
          chequers_ecumenical_altar_island
D:2:      layout_basic, serial_shops,
          nicolae_shop_temple_entry_statues_fountains, uniq_terence,
          uniq_jessica
D:3:      layout_basic, serial_shops, shop, amcnicky_mini_corridor_feature,
          kennysheep_path_1, uniq_natasha
D:4:      layout_basic
D:7:      layout_loops_ring, grunt_temple_overflow_gold_and_silver,
          minmay_misc_feat_diagonals, hangedman_glass_teeth, uniq_menkaure

Skill      XL: |  1  2  3  4  5  6 |
---------------+-------------------+-----
Dodging        | 3 4 5 |  5.6
Polearms       | 5 6 7 8 9 |  9.0
Fighting       | |  3.2
Armour         | |  1.3

Action                   |  1- 3 |  4- 6 || total
-------------------------+-------+-------++-------
Melee: Spear             |   143 |    63 ||   206
       Tailslap          |     2 |       ||     2
       Trident           |       |    50 ||    50
Invok: Berserk           |     2 |     5 ||     7
  Use: Scroll            |       |     2 ||     2
 Stab: Sleeping          |     2 |       ||     2
Armor: Animal skin       |    11 |       ||    11
       Chain mail        |       |    31 ||    31
Dodge: Dodged            |    65 |    41 ||   106

Table legend: (Time is in decaauts)
 A = Elapsed time spent in this place.
 B = Non-inter-level travel time spent in this place.
 C = Inter-level travel time spent in this place.
 D = Time resting spent in this place.
 E = Time spent auto-exploring this place.
 F = Levels seen in this place.
 G = Mean time per level.
                   A        B        C        D        E       F      G
               +--------+--------+--------+--------+--------+-----+--------+
         Total |   3323 |   3252 |     71 |    579 |   2282 |   5 |  664.6 |
       Dungeon |   3323 |   3252 |     71 |    579 |   2282 |   5 |  664.6 |
               +--------+--------+--------+--------+--------+-----+--------+

Top non-repeatable levels by time:
     D:1: 1243 daAuts
     D:2: 1127 daAuts
     D:3: 715 daAuts
     D:4: 173 daAuts
     D:7: 64 daAuts
